 Dungeon Crawl Stone Soup version 0.24.0-125-gc4c63601f3 (webtiles) character file.

Game seed: 8881208466147103388, levelgen mode: deterministic

3472152 Amplified the Conqueror (level 27, 174/174 HPs)
             Began as a Vine Stalker Artificer on Feb 25, 2020.
             Was the Champion of Makhleb.
             Escaped with the Orb
             ... and 5 runes on Feb 27, 2020!
             The game lasted 02:19:40 (64437 turns).

Amplified the Conqueror (Vine Stalker Artificer)   Turns: 64437, Time: 02:19:41

Health: 174/174    AC: 37    Str: 31    XL:     27
Magic:  43/43      EV: 30    Int: 18    God:    Makhleb [******]
Gold:   413        SH: 12    Dex: 29    Spells: 59/67 levels left

rFire    + + .     SeeInvis .   K - +9 demon blade (freeze)
rCold    + + .     Gourm    .   D - +2 buckler {rN+}
rNeg     + + .     Faith    .   X - +7 gold dragon scales
rPois    +         Spirit   +   n - +2 helmet
rElec    .         Reflect  .   j - scarf {rC+ rF+}
rCorr    .         Harm     .   I - +2 pair of gloves {Str+3}
MR       ++++.                  B - +2 pair of boots {run}
Stlth    +.........             Y - amulet of Doors {+Rage +Fly MR++ Str+2 Dex-4}
HPRegen  1.19/turn              Q - ring of positive energy
MPRegen  0.28/turn              g - ring of Meqoam Qofa {MR- EV+2 Int+2 Dex+6 Slay+6}

@: mighty, brilliant, agile, glowing, quick
A: fangs 3, blurry vision 1, deterioration 1, low mp 1, regeneration 2, magic
shield, antimagic bite, no potion heal 3, rot immunity, subdued magic 1, sturdy
frame 1
0: Orb of Zot
}: 5/15 runes: serpentine, barnacled, slimy, silver, abyssal
a: Minor Destruction, Lesser Servant of Makhleb, Major Destruction, Greater
Servant of Makhleb, Renounce Religion, Evoke Berserk Rage, Evoke Flight


You escaped.
You worshipped Makhleb.
Makhleb was exalted by your worship.
You were not hungry.

You visited 11 branches of the dungeon, and saw 57 of its levels.
You visited the Abyss 2 times.
You visited 1 bazaar.
You visited 1 ziggurat, and saw 8 of its levels.
You also visited: Ossuary and Wizlab.

You collected 7436 gold pieces.
You spent 7023 gold pieces at shops.

Inventory:

Hand Weapons
 K - a +9 demon blade of freezing (weapon)
 L - the +8 autumn katana {slice, Clar}
   (You found it on level 2 of a ziggurat)

   It inflicts extra damage upon your enemies.
   It protects you against confusion.
Missiles
 C - 2 throwing nets (quivered)
 P - 21 curare-tipped darts
Armour
 j - a scarf of resistance (worn)
 n - a +2 helmet (worn)
 r - a +2 shield of protection
 B - a +2 pair of boots of running (worn)
 D - a +2 buckler of positive energy (worn)
 G - the +2 ratskin cloak {+Rats rPois rN+ Str-1 Int-1 Dex+1}
   (You found it on level 7 of the Dungeon)

   It affects your strength (-1).
   It affects your intelligence (-1).
   It affects your dexterity (+1).
   It protects you from poison.
   It protects you from negative energy.
 I - a +2 pair of gloves of strength (worn)
 X - +7 gold dragon scales (worn)
Jewellery
 b - the ring "Acejukih" {rC+ Dex+8 Stlth-}
   (You found it on level 7 of a ziggurat)

   [ring of attention]

   It affects your dexterity (+8).
   It protects you from cold.
   It makes you less stealthy.
 d - the ring "Hyceyk" {+Fly SInv Stlth+}
   (You found it on level 2 of the Depths)

   [ring of flight]

   It lets you see invisible.
   It lets you fly.
   It makes you more stealthy.
 g - the ring of Meqoam Qofa (right hand) {MR- EV+2 Int+2 Dex+6 Slay+6}
   (You took it off a deep elf death mage on level 3 of the Elven Halls)

   [ring of evasion]

   It affects your evasion (+2).
   It affects your intelligence (+2).
   It affects your dexterity (+6).
   It affects your accuracy and damage with ranged weapons and melee attacks
   (+6).
   It affects your resistance to hostile enchantments.
 w - an uncursed ring of resist corrosion
 A - the ring "Mabaawim" {rElec rF+ Slay+2}
   (You bought it in a shop on level 3 of the Vaults)

   [ring of protection from fire]

   It affects your accuracy and damage with ranged weapons and melee attacks
   (+2).
   It protects you from fire.
   It insulates you from electricity.
 Q - a ring of positive energy (left hand)
 Y - the amulet of Doors (around neck) {+Rage +Fly MR++ Str+2 Dex-4}
   (You found it on level 13 of the Dungeon)

   [amulet of rage]

   It affects your strength (+2).
   It affects your dexterity (-4).
   It affects your resistance to hostile enchantments.
   It lets you fly.
   It lets you go berserk.
Wands
 c - a wand of paralysis (46)
 s - a wand of disintegration (44)
 M - a wand of acid (62)
 R - a wand of scattershot (6)
 W - a wand of iceblast (46)
Scrolls
 h - 10 scrolls of fog
 i - 13 scrolls of teleportation
 m - 14 scrolls of amnesia
 p - a scroll of magic mapping
 u - 4 scrolls of fear
 y - 31 scrolls of remove curse
 J - a scroll of blinking
 O - a scroll of silence
 S - 5 scrolls of holy word
 U - 9 scrolls of identify
Potions
 a - 9 potions of ambrosia
 l - 4 potions of cancellation
 o - 32 potions of curing
 q - 12 potions of lignification
 t - 7 potions of brilliance
 v - 3 potions of flight
 x - a potion of resistance
 F - a potion of agility
 Z - 2 potions of magic
Miscellaneous
 E - 6 phantom mirrors
 T - a lightning rod (4/4)
 V - a lamp of fire
Comestibles
 f - 60 rations


   Skills:
 O Level 27 Fighting
   Level 10.1(12.7) Short Blades
 - Level 12.7(14.0) Long Blades
 - Level 14.1 Armour
 - Level 17.6 Dodging
 - Level 12.8 Stealth
 - Level 15.1 Shields
 - Level 20.7 Spellcasting
 - Level 7.2 Hexes
 - Level 10.9 Charms
 - Level 11.0 Necromancy
 - Level 8.2 Invocations
 * Level 8.5 Evocations


You had 59 spell levels left.
You knew the following spells:

 Your Spells              Type           Power        Failure   Level  Hunger
a - Blink                 Tloc           N/A          4%          2    None
b - Passwall              Tmut/Erth      ###.....     4%          2    None
c - Regeneration          Chrm/Necr      ######....   1%          3    None
d - Confusing Touch       Hex            #####.       1%          1    None

Your spell library contained the following spells:

 Spells                   Type           Power        Failure   Level  Hunger
 Animate Skeleton         Necr           N/A          1%          1    None
 Corona                   Hex            #####..      1%          1    None
 Pain                     Necr           ####         1%          1    None
 Ensorcelled Hibernation  Hex/Ice        ####..       1%          2    None
 Shroud of Golubria       Chrm/Tloc      #####.       1%          2    None
 Slow                     Hex            #####...     1%          2    None
 Sublimation of Blood     Necr           ######....   1%          2    None
 Swiftness                Chrm/Air       #####...     1%          2    None
 Confuse                  Hex            #####...     1%          3    None
 Dazzling Spray           Conj/Hex       ####..       1%          3    None
 Inner Flame              Hex/Fire       ####....     1%          3    None
 Ozocubu's Armour         Chrm/Ice       #####...     1%          3    None
 Portal Projectile        Hex/Tloc       ####..       1%          3    None
 Summon Guardian Golem    Hex/Summ       ####....     1%          3    None
 Tukima's Dance           Hex            #####...     1%          3    None
 Vampiric Draining        Necr           ######....   1%          3    None
 Animate Dead             Necr           N/A          1%          4    None
 Cause Fear               Hex            #####.....   1%          4    None
 Dispel Undead            Necr           ######..     1%          5    ##.....
 Excruciating Wounds      Chrm/Necr      ######....   1%          5    ##.....
 Apportation              Tloc           ###...       2%          1    None
 Beastly Appendage        Tmut           ###...       2%          1    None
 Flame Tongue             Conj/Fire      ###..        2%          1    None
 Freeze                   Ice            ###.         2%          1    None
 Magic Dart               Conj           ###.         2%          1    None
 Sandblast                Erth           ###...       2%          1    None
 Shock                    Conj/Air       ###.         2%          1    None
 Sting                    Conj/Pois      ###.         2%          1    None
 Summon Butterflies       Summ           ###.....     2%          1    None
 Summon Small Mammal      Summ           ###.         2%          1    None
 Call Imp                 Summ           ###.....     4%          2    None
 Poisonous Vapours        Pois/Air       ###...       4%          2    None
 Searing Ray              Conj           ###...       4%          2    None
 Sticks to Snakes         Tmut           ###.....     4%          2    None
 Throw Flame              Conj/Fire      ###...       4%          2    None
 Throw Frost              Conj/Ice       ###...       4%          2    None
 Death Channel            Necr           ######....   4%          6    ####...
 Fulminant Prism          Conj/Hex       ####......   6%          4    None
 Leda's Liquefaction      Hex/Erth       ####......   6%          4    None
 Call Canine Familiar     Summ           ###.....     8%          3    None
 Conjure Flame            Conj/Fire      ###.....     8%          3    None
 Gell's Gravitas          Tloc           ###.......   8%          3    None
 Ignite Poison            Fire/Tmut/Pois ###.....     8%          3    None
 Lesser Beckoning         Tloc           ###.......   8%          3    None
 Mephitic Cloud           Conj/Pois/Air  ###.....     8%          3    None
 Recall                   Summ/Tloc      N/A          8%          3    None
 Spider Form              Tmut/Pois      ###.......   8%          3    None
 Static Discharge         Conj/Air       ###.....     8%          3    None
 Stone Arrow              Conj/Erth      ###...       8%          3    None
 Teleport Other           Tloc           ###.....     8%          3    None
 Borgnjor's Vile Clutch   Necr/Erth      #####.....   8%          5    ##.....
 Iskenderun's Battlesphe  Conj/Chrm      #####...     8%          5    ##.....
 Metabolic Englaciation   Hex/Ice        ####......   16%         5    ##.....
 Silence                  Hex/Air        ####......   16%         5    ##.....
 Summon Mana Viper        Hex/Summ       ####....     16%         5    ##.....
 Yara's Violent Unravell  Hex/Tmut       ####......   16%         5    ##.....
 Darkness                 Hex            #####.....   19%         6    ####...
 Invisibility             Hex            #####...     19%         6    ####...
 Airstrike                Air            ###.......   24%         4    None
 Force Lance              Conj/Tloc      ###.....     24%         4    None
 Ice Form                 Ice/Tmut       ###.....     24%         4    None
 Iskenderun's Mystic Bla  Conj           ###.....     24%         4    None
 Olgreb's Toxic Radiance  Pois           ###.....     24%         4    None
 Petrify                  Tmut/Erth      ###.....     24%         4    None
 Sticky Flame             Conj/Fire      ###.....     24%         4    None
 Summon Ice Beast         Ice/Summ       ###.....     24%         4    None
 Summon Lightning Spire   Summ/Air       ###.....     24%         4    None
 Throw Icicle             Conj/Ice       ###.....     24%         4    None
 Deflect Missiles         Chrm/Air       #####.....   34%         6    ####...
 Simulacrum               Ice/Necr       #####.....   34%         6    ####...
 Alistair's Intoxication  Tmut/Pois      ###.....     50%         5    ##.....
 Aura of Abjuration       Summ           ###.......   50%         5    ##.....
 Blade Hands              Tmut           ###.......   50%         5    ##.....
 Bolt of Magma            Conj/Fire/Erth ###.......   50%         5    ##.....
 Fireball                 Conj/Fire      ###.......   50%         5    ##.....
 Irradiate                Conj/Tmut      ###.......   50%         5    ##.....
 Lee's Rapid Deconstruct  Erth           ###.......   50%         5    ##.....
 Lightning Bolt           Conj/Air       ###.......   50%         5    ##.....
 Summon Demon             Summ           ###.......   50%         5    ##.....
 Summon Forest            Summ/Tloc      ###.......   50%         5    ##.....
 Venom Bolt               Conj/Pois      ###.......   50%         5    ##.....
 Ring of Flames           Chrm/Fire      #####.....   85%         7    ######.
 Bolt of Cold             Conj/Ice       ###.......   95%         6    ####...
 Bolt of Fire             Conj/Fire      ###.......   95%         6    ####...
 Dispersal                Tloc           ###.......   95%         6    ####...
 Freezing Cloud           Conj/Ice/Air   ###.......   95%         6    ####...
 Hydra Form               Tmut           ###.......   95%         6    ####...
 Iron Shot                Conj/Erth      ###.......   95%         6    ####...
 Ozocubu's Refrigeration  Ice            ###.......   95%         6    ####...
 Poison Arrow             Conj/Pois      ###.......   95%         6    ####...
 Shadow Creatures         Summ           N/A          95%         6    ####...
 Statue Form              Tmut/Erth      ###......    95%         6    ####...
 Discord                  Hex            #####.....   99%         8    #######
 Dragon Form              Tmut           ###.......   100%        7    ######.
 Orb of Destruction       Conj           ###.......   100%        7    ######.
 Spellforged Servitor     Conj/Summ      ###.......   100%        7    ######.
 Summon Hydra             Summ           ###.......   100%        7    ######.
 Chain Lightning          Conj/Air       ###.......   100%        8    #######
 Controlled Blink         Tloc           N/A          100%        8    #######
 Disjunction              Tloc           ###.......   100%        8    #######
 Ignition                 Fire           ###.......   100%        8    #######
 Lehudib's Crystal Spear  Conj/Erth      ###.......   100%        8    #######
 Necromutation            Tmut/Necr      #####.....   100%        8    #######
 Dragon's Call            Summ           ###.......   100%        9    #######
 Fire Storm               Conj/Fire      ###.......   100%        9    #######
 Glaciate                 Conj/Ice       ###.......   100%        9    #######
 Passage of Golubria      Tloc           Unusable     N/A         4    N/A

Dungeon Overview and Level Annotations

Branches:
Dungeon (15/15)            Temple (0/1) D:6            Lair (6/6) D:10
 Shoals (4/4) Lair:2        Snake (4/4) Lair:4        Slime (5/5) Lair:5
    Orc (2/2) D:9             Elf (3/3) Orc:2        Vaults (5/5) D:13
  Crypt (3/3) Vaults:2       Tomb (0/3) Crypt:3      Depths (5/5) D:15
    Zot (5/5) Depths:5    Ossuary (visited)          WizLab (visited)

Altars:
Ashenzari
Cheibriados
Fedhas
Kikubaaqudgha
Makhleb
Nemelex Xobeh
Qazlal
Ru
Sif Muna
Trog
Uskayaw
Vehumet
Wu Jian
Xom
Yredelemnul
Zin
The Shining One
Beogh
Jiyva

Shops:
D:5 :   Orc:2 [[(?   Elf:2 }   Elf:3 }}=:   Shoals:3 !   Snake:2 ?   Vaults:1 *
Vaults:2 }(}%   Vaults:3 =   Depths:1 **

Portals:
Hell: Depths:1 Depths:2 Depths:3 Depths:4 Depths:5
Abyss: Depths:4
Pandemonium: Depths:3 Depths:4
Trove: Vaults:3 (give 4 potions of resistance)

Annotations:
Lair:5 Get resistances. Prioritize minimized damage intake.
Shoals:1 3 runed translucent doors, exclusion: obsidian statue, dogstar's ghost, adept KoBe
Shoals:2 Ilsuiw
Snake:3 Hard descent.
Snake:4 Roxanne
Elf:2 3 runed translucent doors
Vaults:2 Get rid of +Berserk, Vaults, Abyss, Slime, Clear.
Vaults:3 Zot, Runes.
Depths:5 Crypt, Elf, Runes.


Innate Abilities, Weirdness & Mutations

You have razor-sharp teeth.
You heal very quickly.
When hurt, damage is shared between your health and your magic reserves.
Your bite disrupts and absorbs the magic of your enemies.
Potions cannot restore your health.
You are immune to rotting.
Scrolls take you a little longer to read.
Your body sometimes deteriorates upon taking damage.
Your magical capacity is low. (-10% MP)
Your spells are a little easier to cast, but a little less powerful.
Your movements are slightly less encumbered by armour. (ER -2)


Message History

Okay, then.
Unknown command.
You feel clever all of a sudden.
Casting: Passwall (safe; 4% risk of failure)
Confirm with . or Enter, or press ? or * to list all spells.
Aiming: Passwall (safe; 4% risk of failure)
Press: ? - help, Dir - move target cursor A rock wall.
This square is covered in magical glow.
You begin to meditate on the wall.
You continue meditating on the rock. x2
You finish merging with the rock.
A daeva comes into view.
It is wielding a +3 long sword of holy wrath.
Unknown command.
The daeva shouts!
There is a staircase leading out of the dungeon here.
Press: ? - help, v - describe, . - travel
Here: a daeva, wielding a +3 long sword of holy wrath and wearing a +0 large shield (haloed)
The floor.
Magic restored.
The daeva completely misses you. You block the daeva's attack.
You have escaped!

..........#####..#####.#.#####...
#.#######.# ###.)# #.#.# ##..
..[...###.###....# #.#.# ##.
..###.#.....#.#..# ###.#.# #. ###
#.#.############8..#.#######. #
#...#..............#......##. #
###.#.#####...##8..######.##. #
#.#.# #.....##.....###.##. #
###.# ##.@.######...##.##. # #.#
#..A..####.....#.##. #
#.#####...##8............ #
#...................#.###
############8.......(.#
#..#####.# #..###.#####
#########........# #.## #.#
...........####### #.# #.#
##########.# #.####.#######


You could see a daeva.

Vanquished Creatures
  the Royal Jelly (Slime:5)
  3 orbs of fire
  Mara (Depths:1)
  Mennas (Crypt:2)
  3 ancient liches
  A greater mummy (Zig:4)
  The ghost of Amplified the Slayer, a legendary HuMo of Ashenzari (Depths:2)
  Sojobo (Depths:5)
  Frederick (Depths:3)
  The ghost of Eldin the Sorcerer, a veteran DEWz of Sif Muna (Vaults:1)
  12 Killer Klowns
  2 caustic shrikes (Depths:2)
  2 pandemonium lords
  12 golden dragons
  6 bone dragons
  20 tentacled monstrosities
  4 electric golems
  A Hell Sentinel (D:1)
  Asterion (Snake:1)
  Rupert (D:13)
  25 Orb Guardians
  10 liches
  8 titans (Vaults:5)
  2 deep elf master archers (Elf:3)
  12 quicksilver dragons
  2 deep elf blademasters (Elf:3)
  8 large abominations
  12 death cobs
  Frances (D:13)
  21 acid blobs
  13 ancient champions
  Agnes (Elf:1)
  5 tentacled starspawn
  11 shadow dragons
  9 tengu reavers
  14 storm dragons
  2 draconian monks (Zot:3)
  7 azure jellies
  4 revenants
  14 nagarajas
  4 balrugs
  8 deep elf sorcerers
  6 draconian knights
  5 iron dragons
  12 frost giants
  6 fire giants
  8 ghouls
  A cacodemon (D:11)
  3 ghost moths
  14 vault wardens
  Aizul (Snake:4)
  5 draconian scorchers
  3 curse skulls
  7 draconian shifters
  An orc warlord (Orc:2)
  3 deep elf elementalists (Elf:3)
  15 very ugly things
  A war gargoyle (Vaults:3)
  3 draconian annihilators
  6 draconian stormcallers
  11 ironheart preservers
  2 reapers
  18 stone giants
  A spriggan defender (Depths:3)
  5 vampire knights
  The ghost of Edgeworth the Peltast, a journeyman DDFi of Okawaru (D:12)
  A starcursed mass (Abyss:1)
  6 green draconians
  16 black draconians
  Azrael (D:13)
  2 entropy weavers
  11 white draconians
  5 deep elf demonologists
  An orange crystal statue (WizLab)
  12 yellow draconians
  7 red draconians
  8 purple draconians
  12 ettins
  6 merfolk javelineers
  8 deep elf annihilators
  5 eidola
  7 spark wasps
  3 mummy priests
  7 merfolk impalers
  A quicksilver dragon zombie (Crypt:3)
  13 deep elf death magi
  3 deep elf high priests (Elf:3)
  17 yaktaur captains
  Josephine (D:15)
  2 crystal guardians
  4 death oozes
  8 ogre magi
  8 jiangshi
  19 fire dragons
  6 hydras
  15 great orbs of eyes
  Erolcha (D:13)
  30 vault guards
  A quicksilver dragon skeleton (Crypt:1)
  13 ice dragons
  A hell beast (Depths:5)
  3 rakshasas
  6 spriggan air magi
  5 death knights
  14 centaur warriors
  17 naga warriors
  16 anacondas
  5 merfolk aquamancers (Shoals:4)
  An anaconda (shapeshifter) (Depths:2)
  A satyr (Shoals:3)
  An alligator snapping turtle (Shoals:4)
  5 merfolk avatars
  3 catoblepae
  A death scarab (Zig:4)
  6 tengu warriors
  16 death yaks
  16 deep troll earth magi
  35 two-headed ogres
  16 naga sharpshooters
  3 orc high priests (Orc:2)
  9 spriggan berserkers
  14 dancing weapons
  14 vampire magi
  Urug (Lair:6)
  A shock serpent (shapeshifter) (Vaults:5)
  6 deep troll shamans
  Sonja (D:13)
  11 shock serpents
  2 soul eaters
  2 hell knights
  5 wretched stars
  A fire crab (shapeshifter) (Depths:2)
  A spriggan (Depths:4)
  26 deep elf knights
  6 sun demons
  2 titan skeletons
  2 sixfirhies
  A shadow wraith (Vaults:4)
  4 salamander mystics
  52 skeletal warriors
  15 deep trolls
  5 iron trolls (Depths:3)
  11 unseen horrors
  An anaconda zombie (Crypt:3)
  3 glowing orange brains
  4 obsidian statues (Zig:7)
  An infernal demonspawn (Zot:1)
  A golden dragon zombie (Zig:8)
  12 flayed ghosts
  2 shadow demons
  A spark wasp zombie (Crypt:2)
  21 sea snakes
  29 deep elf archers
  7 naga ritualists
  19 ironbrand convokers
  Pikel (D:5)
  A lindwurm (shapeshifter) (Vaults:5)
  A wolf spider zombie (D:14)
  8 harpies
  A gelid demonspawn (Depths:3)
  8 orc knights
  5 necromancers
  7 phantasmal warriors
  A torturous demonspawn (Depths:3)
  2 shadow dragon zombies
  2 stone giant zombies
  A harpy (shapeshifter) (D:14)
  3 orc sorcerers
  The ghost of crossborder the Twirler, a novice DsGl of Kikubaaqudgha (D:7)
  A frost giant zombie (Crypt:3)
  An orb spider (shapeshifter) (Vaults:4)
  6 cyclopes
  5 shining eyes
  18 fauns
  6 mana vipers
  76 deep elf magi
  19 salamanders
  A shadow dragon skeleton (Crypt:2)
  4 wolf spiders
  31 moths of wrath
  48 ugly things
  12 manticores
  A worldbinder (Abyss:1)
  7 oklob plants
  3 moths of wrath (shapeshifter)
  A tengu skeleton (Zig:8)
  A dire elephant zombie (Crypt:3)
  4 elephants (Lair:6)
  40 black mambas
  An apocalypse crab (Abyss:1)
  12 guardian serpents
  2 orange demons (D:13)
  2 black mambas (shapeshifter)
  13 merfolk sirens
  Joseph (D:9)
  2 eyes of devastation
  2 rust devils (D:13)
  4 smoke demons
  6 water nymphs
  2 shock serpent skeletons (Crypt:3)
  14 spiny frogs
  25 naga magi
  A spiny frog (shapeshifter) (Vaults:3)
  9 vault sentinels
  2 gargoyles
  A human zombie (Vaults:4)
  A death yak zombie (Crypt:3)
  7 komodo dragons
  4 centaur skeletons
  8 kobold demonologists
  A yaktaur (shapeshifter) (Depths:2)
  A rime drake (Lair:6)
  3 hellions
  3 red devils
  An alligator snapping turtle skeleton (Crypt:3)
  44 yaktaurs
  9 small abominations
  6 ancient zymes
  A pale draconian skeleton (Crypt:1)
  5 freezing wraiths
  A jumping spider (Vaults:4)
  3 guardian mummies (Crypt:3)
  3 tengu conjurers
  A hellwing (Depths:3)
  3 trolls (shapeshifter)
  9 trolls
  5 meliai (Abyss:3)
  A queen bee (Abyss:3)
  A white draconian skeleton (Crypt:2)
  A jumping spider (shapeshifter) (Vaults:5)
  Prince Ribbit (D:5)
  5 wind drakes
  3 polar bears
  A polar bear (shapeshifter) (Depths:4)
  4 bog bodies (Crypt:2)
  A death drake skeleton (Crypt:1)
  23 merfolk
  4 hornets
  A sphinx simulacrum (Vaults:4)
  77 slime creatures
  8 hippogriffs
  5 raiju (Abyss:1)
  A slime creature (shapeshifter) (Zig:1)
  A dream sheep (shapeshifter) (Vaults:2)
  A fire dragon zombie (Crypt:3)
  A satyr zombie (Crypt:3)
  21 blink frogs
  A snapping turtle (shapeshifter) (Vaults:5)
  4 snapping turtles
  A human simulacrum (Vaults:4)
  9 dream sheep
  5 flying skulls
  A guardian serpent zombie (Crypt:2)
  3 redbacks (Vaults:4)
  5 air elementals
  17 water elementals
  3 fire dragon skeletons (Crypt:1)
  An alligator skeleton (Crypt:3)
  3 tarantellas (shapeshifter)
  A spriggan (shapeshifter) (Depths:2)
  3 shadows
  An ettin skeleton (Abyss:1)
  2 vampires
  5 ynoxinuls
  13 wraiths
  16 humans
  Sigmund (D:3)
  4 fire elementals
  3 ushabtiu
  3 hogs (D:10)
  A yak (shapeshifter) (Depths:4)
  32 yaks
  2 hungry ghosts
  A basilisk (Lair:3)
  4 wyverns
  A fire bat (shapeshifter) (D:15)
  A golden eye (shapeshifter) (D:14)
  A golden eye (Zig:5)
  An elf skeleton (Zig:8)
  2 vampire mosquitoes (D:13)
  A neqoxec (Abyss:1)
  3 soldier ants (shapeshifter)
  2 wargs
  A faun zombie (Crypt:3)
  59 nagas
  A soldier ant (D:15)
  A deep troll zombie (Crypt:1)
  4 acid dragons
  2 hydra simulacra (Crypt:1)
  A monstrous demonspawn zombie (Crypt:2)
  8 porcupines
  14 water moccasins
  47 orc warriors
  2 hell hounds (D:13)
  4 floating eyes
  5 black bears
  2 slaves (D:5)
  6 necrophages
  5 eyes of draining
  A black bear (shapeshifter) (Vaults:2)
  A snapping turtle zombie (Crypt:3)
  2 ice beasts
  A sky beast (shapeshifter) (Depths:1)
  3 sky beasts
  24 ogres
  19 centaurs
  An eye of draining (shapeshifter) (D:15)
  An ogre (shapeshifter) (Depths:3)
  2 phantoms
  A tengu (shapeshifter) (Vaults:2)
  11 boggarts
  A swamp dragon zombie (Crypt:3)
  17 wolves
  A snapping turtle skeleton (Crypt:3)
  A swamp dragon skeleton (Crypt:1)
  10 crocodiles
  14 big kobolds
  A gnoll sergeant (D:11)
  14 bullfrogs
  3 earth elementals
  A wyvern zombie (D:13)
  A cyclops zombie (Crypt:2)
  A warg zombie (Crypt:2)
  4 scorpions
  An orc simulacrum (Vaults:1)
  A warg skeleton (Crypt:3)
  10 wights
  18 killer bees
  A vampire bat (Orc:2)
  2 howler monkeys
  A wolf skeleton (Crypt:1)
  4 crimson imps
  A bullfrog zombie (D:6)
  A basilisk zombie (Crypt:2)
  8 hounds
  7 iron imps
  3 jellies
  A bullfrog skeleton (D:4)
  A demonspawn zombie (Crypt:3)
  17 orc priests
  Terence (D:2)
  35 orc wizards
  3 iguanas
  Natasha (thrice) (D:2)
  3 hell rats (D:7)
  8 worker ants
  5 yak simulacra (Lair:3)
  2 wolf simulacra (Lair:3)
  A polar bear simulacrum (Lair:3)
  A naga zombie (Crypt:1)
  7 mummies
  3 hound skeletons
  Robin (D:3)
  2 worker ant zombies
  10 gnolls
  12 adders
  4 river rats (D:7)
  A scorpion zombie (Crypt:1)
  2 shadow imps
  An ufetubus (Abyss:1)
  An ooze (D:2)
  5 adder zombies
  3 worms (D:2)
  2 dart slugs
  4 leopard geckos
  137 orcs
  6 ball pythons
  14 bats
  7 giant cockroaches
  17 goblins
  11 hobgoblins
  13 jackals
  7 quokkas
  A ball python skeleton (D:4)
  5 frilled lizards
  4 goblin zombies (Ossuary)
  3 hobgoblin zombies (Ossuary)
  A jackal skeleton (D:4)
  17 kobolds
  3 kobold zombies (Ossuary)
  An orc zombie (Crypt:1)
  2 quokka skeletons
  6 quokka zombies
  23 rats
  3 river rat simulacra (Lair:3)
  A spectral orc (D:6)
  3 crawling corpses
  8 plants
  8 starspawn tentacles
2789 creatures vanquished.

Vanquished Creatures (collateral kills)
  A deep elf sorcerer (Elf:3)
  A deep elf high priest (Elf:3)
  3 slime creatures
  A faun (Shoals:2)
  A black mamba (Snake:3)
  A troll (D:12)
  A jumping spider zombie (Crypt:2)
  2 orc wizards (D:6)
  A gnoll (D:3)
  A dart slug (D:3)
  A kobold (D:2)
  A crawling corpse (Elf:3)
15 creatures vanquished.

Vanquished Creatures (others)
  A deep elf knight (Elf:2)
  2 deep elf magi
  A salamander (Snake:1)
  An orc warrior (Vaults:4)
  A killer bee (Abyss:3)
  An orc wizard (D:4)
  A gnoll (D:3)
  An orc (D:6)
  A goblin (D:2)
  A jackal (D:4)
  49 bushes (Depths:3)
  12 fungi
  17 plants
  5 starspawn tentacles
94 creatures vanquished.

Grand Total: 2898 creatures vanquished

Notes
Turn   | Place    | Note
-------+----------+-------------------------------------------
     0 | D:1      | Amplified the Vine Stalker Artificer began the quest for
                  | the Orb.
     0 | D:1      | Reached XP level 1. HP: 9/9 MP: 3/3
   177 | D:1      | Reached skill level 1 in Fighting
   213 | D:1      | Reached skill level 1 in Short Blades
   267 | D:1      | Reached XP level 2. HP: 14/14 MP: 5/5
   781 | D:1      | Reached XP level 3. HP: 18/18 MP: 6/6
   950 | D:2      | Noticed Terence
   977 | D:2      | Killed Terence
  1027 | D:2      | Reached skill level 2 in Fighting
  1027 | D:2      | Gained mutation: Your natural rate of healing is unusually
                  | fast. [Vine Stalker growth]
  1027 | D:2      | Reached XP level 4. HP: 9/23 MP: 4/7
  1066 | D:2      | Found a burning altar of Makhleb.
  1122 | D:2      | Became a worshipper of Makhleb the Destroyer
  1186 | D:2      | Noticed Natasha
  1202 | D:2      | Killed Natasha
  1202 | D:2      | Reached XP level 5. HP: 15/27 MP: 4/8
  1733 | D:2      | Reached * piety under Makhleb
  1810 | D:2      | Noticed Natasha
  1818 | D:2      | Killed Natasha
  1986 | D:3      | Found a sparkling altar of Nemelex Xobeh.
  2084 | D:2      | Noticed Natasha
  2095 | D:2      | Killed Natasha
  2095 | D:2      | Reached skill level 3 in Fighting
  2095 | D:2      | Reached XP level 6. HP: 24/32 MP: 4/9
  2166 | D:3      | Noticed Sigmund
  2169 | D:3      | Noticed Robin
  2325 | D:3      | Killed Robin
  2343 | D:3      | Reached ** piety under Makhleb
  2346 | D:3      | Killed Sigmund
  2346 | D:3      | Reached XP level 7. HP: 27/36 MP: 6/10
  2401 | D:3      | Found a snail-covered altar of Cheibriados.
  2550 | D:3      | Found a glowing silver altar of Zin.
  2855 | D:4      | Reached skill level 4 in Fighting
  2976 | D:4      | Found a hide-covered altar of Uskayaw.
  3456 | D:5      | Entered Level 5 of the Dungeon
  3463 | D:5      | Found a sand-covered staircase.
  3468 | Ossuary  | Entered an ossuary
  3539 | Ossuary  | Gained mutation: You have razor-sharp teeth. [Vine Stalker
                  | growth]
  3539 | Ossuary  | Reached XP level 8. HP: 42/42 MP: 10/12
  3576 | Ossuary  | Reached *** piety under Makhleb
  3676 | D:5      | Noticed Prince Ribbit
  3686 | D:5      | Killed Prince Ribbit
  3686 | D:5      | Reached skill level 5 in Stealth
  3952 | D:5      | Reached skill level 5 in Fighting
  3952 | D:5      | Reached skill level 5 in Short Blades
  4022 | D:5      | Noticed Pikel
  4058 | D:5      | Killed Pikel
  4058 | D:5      | Reached XP level 9. HP: 24/48 MP: 10/13
  4116 | D:5      | Found Libro's Book Shoppe.
  4143 | D:5      | Reached skill level 6 in Fighting
  4143 | D:5      | Reached skill level 5 in Evocations
  4258 | D:5      | Found a blossoming altar of Fedhas.
  4654 | D:6      | Reached **** piety under Makhleb
  4818 | D:7      | Found a sacrificial altar of Ru.
  5434 | D:7      | Noticed crossborder's ghost (novice DsGl)
  5437 | D:7      | Found a runed translucent door.
  5585 | D:7      | Found the +2 ratskin cloak {+Rats rPois rN+ Str-1 Int-1
                  | Dex+1}
  5884 | D:7      | Killed crossborder's ghost
  5884 | D:7      | Reached skill level 7 in Fighting
  5963 | D:8      | Reached XP level 10. HP: 55/55 MP: 15/15
  6317 | D:8      | Noticed a two-headed ogre
  6336 | D:8      | Killed a two-headed ogre
  6601 | D:8      | Reached ***** piety under Makhleb
  6635 | D:8      | Found a glowing golden altar of the Shining One.
  6718 | D:8      | Reached skill level 8 in Fighting
  6751 | D:8      | Found a shimmering blue altar of Sif Muna.
  7058 | D:9      | Found a shattered altar of Ashenzari.
  7071 | D:9      | Found an ornate altar of the Wu Jian Council.
  7072 | D:9      | Found a stormy altar of Qazlal.
  7122 | D:9      | Noticed Joseph
  7129 | D:9      | Killed Joseph
  7206 | D:9      | Noticed a two-headed ogre
  7211 | D:9      | Killed a two-headed ogre
  7211 | D:9      | Reached skill level 1 in Invocations
  7653 | D:9      | Reached XP level 11. HP: 60/60 MP: 16/16
  7672 | D:9      | Found a staircase to the Orcish Mines.
  7763 | D:10     | Entered Level 10 of the Dungeon
  8223 | D:10     | Reached skill level 9 in Fighting
  8340 | D:10     | Found a staircase to the Lair.
  9322 | D:11     | Noticed a six-headed hydra
  9332 | D:11     | Killed a six-headed hydra
  9445 | D:11     | Noticed a two-headed ogre
  9460 | D:11     | Killed a two-headed ogre
  9460 | D:11     | Reached skill level 10 in Fighting
  9460 | D:11     | Reached skill level 10 in Short Blades
  9460 | D:11     | Reached skill level 10 in Stealth
  9734 | D:11     | Gained mutation: You heal very quickly. [Vine Stalker
                  | growth]
  9734 | D:11     | Reached XP level 12. HP: 67/67 MP: 17/17
  9805 | D:11     | Reached ****** piety under Makhleb
 10408 | Lair:1   | Entered Level 1 of the Lair of Beasts
 10605 | D:6      | Found a shimmering altar of Xom.
 10646 | D:6      | Found a bloodstained altar of Trog.
 10675 | D:6      | Found a staircase to the Ecumenical Temple.
 10802 | D:6      | Found a shimmering blue altar of Sif Muna.
 11113 | D:6      | Found a basalt altar of Yredelemnul.
 11462 | Lair:1   | Reached skill level 5 in Invocations
 12309 | Lair:2   | Noticed a seven-headed hydra
 12321 | Lair:2   | Killed a seven-headed hydra
 12589 | Lair:2   | Found a staircase to the Shoals.
 13626 | Lair:3   | Reached skill level 11 in Fighting
 13837 | Lair:3   | You fall into a shaft and drop 3 floors!
 13837 | Lair:6   | Entered Level 6 of the Lair of Beasts
 13976 | Lair:5   | You fall into a shaft and drop 1 floor!
 14304 | Lair:5   | Noticed a death yak
 14304 | Lair:5   | Noticed a death yak
 14304 | Lair:5   | Noticed a death yak
 14305 | Lair:5   | Noticed a four-headed hydra
 14306 | Lair:5   | Noticed a death yak
 14341 | Lair:5   | Killed a death yak
 14341 | Lair:5   | Reached skill level 5 in Dodging
 14356 | Lair:5   | Killed a death yak
 14356 | Lair:5   | Reached XP level 13. HP: 74/74 MP: 18/18
 14558 | Lair:5   | Found a viscous altar of Jiyva.
 14559 | Lair:5   | Found a staircase to the Slime Pits.
 15405 | Lair:4   | Found a staircase to the Snake Pit.
 16229 | Lair:3   | Reached skill level 12 in Fighting
 16246 | Lair:3   | Got a scorched trident
 16247 | Lair:3   | Identified the cursed +0 trident of the Hero {pierce, Int+5
                  | Stlth-} (You found it on level 3 of the Lair of Beasts)
 16679 | Lair:6   | Noticed Urug
 16705 | Lair:6   | Killed Urug
 16910 | Lair:6   | Reached XP level 14. HP: 81/81 MP: 20/20
 17268 | Lair:6   | Got an ichor-stained battleaxe
 17286 | Lair:6   | Identified the +5 battleaxe of Terror {protect, Dex+4} (You
                  | found it on level 6 of the Lair of Beasts)
 17327 | Lair:6   | Reached skill level 1 in Long Blades
 17979 | Orc:1    | Entered Level 1 of the Orcish Mines
 18078 | Orc:1    | Found a roughly hewn altar of Beogh.
 18512 | Orc:2    | Entered Level 2 of the Orcish Mines
 18512 | Orc:2    | Found a radiant altar of Vehumet.
 18607 | Orc:2    | Found a roughly hewn altar of Beogh.
 18613 | Orc:2    | Found Viuvaag's Magic Scroll Emporium.
 18618 | Orc:2    | Reached skill level 5 in Long Blades
 18618 | Orc:2    | Reached skill level 1 in Spellcasting
 18636 | Orc:2    | Bought a scroll of teleportation for 36 gold pieces
 18654 | Orc:2    | Found a staircase to the Elven Halls.
 18800 | Orc:2    | Found a roughly hewn altar of Beogh.
 19107 | Orc:2    | Noticed an orc warlord
 19154 | Orc:2    | Killed an orc warlord
 19177 | Orc:2    | Found Torch's Antique Armour Emporium.
 19178 | Orc:2    | Found a roughly hewn altar of Beogh.
 19179 | Orc:2    | Found Rigetoos's Antique Weapon Shoppe.
 19189 | Orc:2    | Bought a shiny shield for 270 gold pieces
 19372 | Orc:2    | Found a roughly hewn altar of Beogh.
 19534 | Orc:2    | Found a roughly hewn altar of Beogh.
 19535 | Orc:2    | Found Ycuveus's Antique Armour Shop.
 19570 | Orc:2    | Bought a dazzling plate armour for 868 gold pieces
 19580 | Orc:2    | Identified the cursed +1 plate armour of the Mantidfly
                  | {*Slow +Inv rF+ rCorr Int+5} (You bought it in a shop on
                  | level 2 of the Orcish Mines)
 19796 | D:12     | Reached skill level 1 in Shields
 19920 | D:12     | Found a runed translucent gate.
 19920 | D:12     | Found a runed translucent gate.
 19920 | D:12     | Found a runed translucent gate.
 19938 | D:12     | Reached XP level 15. HP: 85/85 MP: 22/22
 20007 | D:12     | Noticed Edgeworth's ghost (journeyman DDFi)
 20696 | D:13     | Found a gate to the Vaults.
 20696 | D:13     | Noticed Rupert
 20729 | D:13     | Reached skill level 5 in Spellcasting
 20745 | D:13     | Found a basalt altar of Yredelemnul.
 20779 | D:13     | Noticed Azrael
 20857 | D:13     | Got a smoking tin amulet
 20858 | D:13     | Identified the amulet of Doors {+Rage +Fly MR++ Str+2
                  | Dex-4} (You found it on level 13 of the Dungeon)
 21060 | D:13     | Noticed Erolcha
 21066 | D:13     | Killed Erolcha
 21312 | D:13     | Noticed Sonja
 21323 | D:13     | Killed Sonja
 21418 | D:13     | Killed Azrael
 21528 | D:13     | Noticed Frances
 21534 | D:13     | Killed Frances
 21662 | D:13     | Reached skill level 5 in Shields
 21855 | D:13     | Killed Rupert
 22522 | D:14     | Reached XP level 16. HP: 90/90 MP: 23/28
 22627 | D:14     | Found a runed translucent door.
 22961 | D:15     | Entered Level 15 of the Dungeon
 23249 | D:15     | Gained mutation: You are partially covered in iridescent
                  | scales. (AC +2) [potion of mutation]
 23249 | D:15     | Gained mutation: You have sharp toenails. [potion of
                  | mutation]
 23249 | D:15     | Gained mutation: You tend to lose your temper in combat.
                  | [potion of mutation]
 23249 | D:15     | Gained mutation: You are agile. (Dex +2) [potion of
                  | mutation]
 23580 | D:15     | Noticed Josephine
 23595 | D:15     | Killed Josephine
 23732 | D:15     | Found a staircase to the Depths.
 24006 | D:12     | Killed Edgeworth's ghost
 24107 | D:12     | Reached skill level 10 in Long Blades
 25260 | Elf:1    | Entered Level 1 of the Elven Halls
 25279 | Elf:1    | Found a radiant altar of Vehumet.
 25478 | Elf:1    | Noticed Agnes
 25483 | Elf:1    | Killed Agnes
 25573 | Elf:1    | Reached skill level 10 in Spellcasting
 25859 | Elf:1    | Reached XP level 17. HP: 94/94 MP: 32/32
 26629 | Elf:1    | Identified the Tome of Creative Battle Magic
 26693 | Elf:1    | Found a shimmering blue altar of Sif Muna.
 26921 | Elf:2    | Found Duliyxkyi's Gadget Shoppe.
 26923 | Elf:2    | Bought a wand of digging (3) for 196 gold pieces
 27226 | Snake:1  | Entered Level 1 of the Snake Pit
 27403 | Snake:1  | Reached skill level 13 in Fighting
 27538 | Snake:1  | Reached skill level 10 in Shields
 27600 | Snake:1  | Noticed Asterion
 27615 | Snake:1  | Killed Asterion
 27890 | Snake:2  | Found Vanenov's Magic Scroll Shop.
 27922 | Snake:2  | Bought a scroll of teleportation for 42 gold pieces
 27922 | Snake:2  | Bought a scroll of enchant weapon for 105 gold pieces
 28129 | Snake:2  | Reached XP level 18. HP: 100/100 MP: 35/35
 28973 | Snake:3  | Reached skill level 14 in Fighting
 29194 | Snake:4  | Entered Level 4 of the Snake Pit
 30135 | Snake:4  | Identified Roxanne's Guide on Stones
 30135 | Snake:4  | Noticed Roxanne
 30353 | Shoals:1 | Entered Level 1 of the Shoals
 30384 | Shoals:1 | Found a runed translucent gate.
 30384 | Shoals:1 | Found a runed translucent gate.
 30384 | Shoals:1 | Found a runed translucent gate.
 30385 | Shoals:1 | Found an opulent altar of Gozag.
 30386 | Shoals:1 | Noticed dogstar's ghost (adept KoBe)
 30642 | Shoals:1 | Reached XP level 19. HP: 104/106 MP: 32/37
 30940 | Shoals:1 | Reached skill level 1 in Armour
 31330 | Shoals:2 | You are sucked into a shaft and drop 1 floor!
 31330 | Shoals:3 | Found Niskuwk's Distillery.
 31353 | Shoals:3 | Bought a potion of curing for 39 gold pieces
 31353 | Shoals:3 | Bought a potion of curing for 39 gold pieces
 31353 | Shoals:3 | Bought a potion of curing for 39 gold pieces
 31353 | Shoals:3 | Bought a potion of curing for 39 gold pieces
 31353 | Shoals:3 | Bought a potion of agility for 52 gold pieces
 31353 | Shoals:3 | Bought a potion of haste for 130 gold pieces
 31353 | Shoals:3 | Bought a potion of haste for 130 gold pieces
 31943 | Shoals:4 | Entered Level 4 of the Shoals
 32084 | Shoals:4 | Identified the +6 halberd of Conformity {drain, Int+9}
 32693 | Shoals:4 | Reached skill level 15 in Fighting
 32905 | Shoals:4 | Got a barnacled rune of Zot
 32957 | Shoals:2 | Reached skill level 5 in Armour
 33196 | Shoals:2 | Noticed Ilsuiw
 33777 | Depths:1 | Entered Level 1 of the Depths
 33799 | Depths:1 | You fall into a shaft and drop 1 floor!
 33800 | Depths:2 | Noticed a caustic shrike
 33801 | Depths:2 | Noticed Amplified's ghost (legendary HuMo)
 33833 | Depths:2 | Noticed a caustic shrike
 33868 | Depths:2 | Found a transporter.
 33875 | Depths:1 | Noticed Mara
 33879 | Depths:1 | Noticed Amplified's illusion
 34039 | Depths:2 | Noticed a tentacled monstrosity
 34093 | Depths:1 | Killed Mara
 34141 | Depths:1 | Found Nafire's Pet Rocks.
 34161 | Depths:1 | Found a runed translucent door.
 34172 | Depths:1 | Found a gateway to Hell.
 34184 | Depths:1 | Found Ecokasum's Demolitions Depot.
 34200 | Depths:1 | Reached XP level 20. HP: 98/114 MP: 33/38
 34255 | Depths:1 | Found a magical portal.
 34321 | WizLab   | Learned a level 2 spell: Blink
 34324 | WizLab   | Learned a level 2 spell: Passwall
 34427 | WizLab   | Found the +9 staff of Wucad Mu {channel}
 34491 | WizLab   | Reached XP level 21. HP: 119/119 MP: 39/39
 34733 | Vaults:1 | Entered Level 1 of the Vaults
 35144 | Vaults:1 | Reached skill level 16 in Fighting
 35592 | Vaults:1 | Reached skill level 10 in Dodging
 35906 | Vaults:1 | Found a runed translucent door.
 35924 | Vaults:1 | Noticed Eldin's ghost (veteran DEWz)
 36046 | Vaults:1 | Found Basip's Assorted Antiques.
 36054 | Vaults:1 | Bought a clouded amber ring for 130 gold pieces
 36054 | Vaults:1 | Bought a potion of curing for 78 gold pieces
 36054 | Vaults:1 | Identified the ring "Bampesiru" {Int+5 Stlth-} (You bought
                  | it in a shop on level 1 of the Vaults)
 36275 | Vaults:2 | Found a staircase to the Crypt.
 36275 | Vaults:2 | Found a basalt altar of Yredelemnul.
 36276 | Vaults:2 | Found an ancient bone altar of Kikubaaqudgha.
 36335 | Vaults:2 | Found Numec's Gadget Shoppe.
 36366 | Vaults:2 | Found Ytuz's Antique Weapon Shop.
 36377 | Vaults:2 | Found Ocewy's Food Boutique.
 36543 | Vaults:2 | Found Kuilaaq's Gadget Emporium.
 37429 | Vaults:3 | Found Berruaxe's Jewellery Shoppe.
 37457 | Vaults:3 | Bought the ring "Mabaawim" {rElec rF+ Slay+2} for 616 gold
                  | pieces
 37588 | Vaults:3 | Reached XP level 22. HP: 126/126 MP: 40/40
 37692 | Vaults:3 | Found a portal to a secret trove of treasure.
 38052 | Vaults:3 | Reached skill level 17 in Fighting
 39276 | Snake:4  | Got a serpentine rune of Zot
 39477 | Snake:4  | Noticed Aizul
 39484 | Snake:4  | Killed Aizul
 40242 | Depths:1 | Found a shattered altar of Ashenzari.
 40437 | Depths:1 | Reached skill level 15 in Shields
 40721 | Depths:1 | Identified a +2 pair of boots of running (You found it on
                  | level 1 of the Depths)
 40727 | Depths:1 | Identified the Compendium of Ice and the Compass
 40771 | Depths:2 | Reached XP level 23. HP: 133/133 MP: 41/41
 40811 | Depths:3 | Noticed Frederick
 40821 | Depths:3 | Killed Frederick
 40892 | Depths:3 | Reached skill level 18 in Fighting
 41163 | Depths:3 | Identified the cursed +1 ring mail of the Thistle {rC++
                  | Regen+ Stlth+} (You found it on level 3 of the Depths)
 41278 | Depths:3 | Found a one-way gate leading to the halls of Pandemonium.
 42083 | Depths:4 | Found a gateway to a ziggurat.
 42583 | Depths:4 | Reached XP level 24. HP: 139/139 MP: 41/41
 42821 | Depths:4 | Found a one-way gate to the infinite horrors of the Abyss.
 42949 | Depths:5 | Entered Level 5 of the Depths
 43069 | Depths:5 | Reached skill level 10 in Armour
 43147 | Depths:5 | Reached skill level 19 in Fighting
 43216 | Depths:5 | Reached skill level 15 in Dodging
 43310 | Depths:5 | Noticed Sojobo
 43332 | Depths:5 | Killed Sojobo
 43804 | Depths:5 | Found a gate to the Realm of Zot.
 44455 | Depths:2 | Got a fine jade amulet
 44456 | Depths:2 | Identified the amulet "Etotin" {Gourm rF+} (You found it on
                  | level 2 of the Depths)
 44648 | Depths:2 | Got a faintly glowing bronze ring
 44652 | Depths:2 | Identified the ring "Wosaom" {*Tele +Inv rF- rN+} (You
                  | found it on level 2 of the Depths)
 44749 | Depths:2 | Found a transporter.
 44792 | Depths:2 | Killed a caustic shrike
 44814 | Depths:2 | Reached XP level 25. HP: 58/147 MP: 41/41
 45122 | Depths:2 | Killed Amplified's ghost
 45124 | Depths:2 | Got an ancient lead ring
 45144 | Depths:2 | Identified the ring "Hyceyk" {+Fly SInv Stlth+} (You found
                  | it on level 2 of the Depths)
 45282 | Depths:2 | Found a stormy altar of Qazlal.
 46305 | Elf:2    | Found a runed translucent gate.
 46315 | Elf:2    | Found a runed translucent gate.
 46371 | Elf:2    | Found a runed translucent gate.
 46405 | Elf:2    | Reached skill level 20 in Fighting
 46587 | Elf:3    | Entered Level 3 of the Elven Halls
 46668 | Elf:3    | Found Naowiaru's Book Emporium.
 47105 | Elf:3    | Found Omiadwig's Gadget Shoppe.
 47106 | Elf:3    | Found Piahepac's Jewellery Shop.
 47107 | Elf:3    | Found Qappam's Gadget Shoppe.
 47118 | Elf:3    | Bought a wand of digging (3) for 280 gold pieces
 47266 | Elf:3    | Identified the +2 robe of Dogma {rC+}
 47290 | Elf:3    | Identified the +2 great sword of Bung {slice, rN++}
 47290 | Elf:3    | Identified the cursed +0 leather armour of Bujaps {+Inv}
 47290 | Elf:3    | Identified the ring of Meqoam Qofa {MR- EV+2 Int+2 Dex+6
                  | Slay+6}
 47699 | Elf:3    | Identified the +1 ring mail of Ru's Esteem {Dex+4} (You
                  | found it on level 3 of the Elven Halls)
 47726 | Elf:3    | Identified the Disquisition on Harmful Creation
 48234 | Crypt:1  | Entered Level 1 of the Crypt
 48605 | Crypt:2  | Reached XP level 26. HP: 150/153 MP: 41/41
 48610 | Crypt:3  | Entered Level 3 of the Crypt
 48616 | Crypt:3  | Noticed an ancient lich
 48631 | Crypt:3  | Killed an ancient lich
 49297 | Crypt:3  | Identified the cursed +1 robe of Xedaewn {Int+4} (You found
                  | it on level 3 of the Crypt)
 49426 | Crypt:3  | Found a staircase to the Tomb.
 49468 | Crypt:3  | Reached skill level 21 in Fighting
 49519 | Crypt:3  | Found an ancient bone altar of Kikubaaqudgha.
 49522 | Crypt:3  | Found a basalt altar of Yredelemnul.
 49546 | Crypt:3  | Identified the Papyrus of Unholy Rites
 49627 | Crypt:3  | Identified the +1 demon whip of Gravity {pain, rF+ Dex+4}
                  | (You found it on level 3 of the Crypt)
 50032 | Crypt:2  | Noticed Mennas
 50063 | Crypt:2  | Killed Mennas
 50138 | Crypt:2  | Identified a scroll of acquirement
 50497 | Crypt:2  | Identified the cursed +3 short sword of Egomania {flame,
                  | *Slow MR- Int+8 Stlth+}
 50949 | Vaults:2 | Lost mutation: You are partially covered in iridescent
                  | scales. (AC +2) [potion of mutation]
 50949 | Vaults:2 | Lost mutation: You are agile. (Dex +2) [potion of mutation]
 50949 | Vaults:2 | Gained mutation: You have a pair of small antennae on your
                  | head. [potion of mutation]
 50949 | Vaults:2 | Gained mutation: You expend magic power (3 MP) to
                  | strengthen your wands. [potion of mutation]
 50949 | Vaults:2 | Gained mutation: You have an increased reservoir of magic.
                  | (+10% MP) [potion of mutation]
 50950 | Vaults:2 | Lost mutation: You have a pair of small antennae on your
                  | head. [potion of mutation]
 50950 | Vaults:2 | Lost mutation: You tend to lose your temper in combat.
                  | [potion of mutation]
 50950 | Vaults:2 | Lost mutation: You expend magic power (3 MP) to strengthen
                  | your wands. [potion of mutation]
 50950 | Vaults:2 | Lost mutation: You have an increased reservoir of magic.
                  | (+10% MP) [potion of mutation]
 50950 | Vaults:2 | Gained mutation: Your mind is acute. (Int +2) [potion of
                  | mutation]
 50950 | Vaults:2 | Gained mutation: You are resistant to hostile enchantments.
                  | (MR+) [potion of mutation]
 51239 | Vaults:4 | Reached XP level 27. HP: 160/160 MP: 42/42
 51320 | Vaults:4 | Reached skill level 15 in Spellcasting
 51340 | Vaults:4 | Found a flickering gateway to a bazaar.
 51969 | Vaults:4 | Got a pair of faintly humming gloves
 51970 | Vaults:4 | Identified the +1 pair of gloves "Nafeuvvex" {Dex+3} (You
                  | found it on level 4 of the Vaults)
 52135 | Bazaar   | Entered a bazaar
 52149 | Bazaar   | Found Uraolaut's Weapon Shoppe.
 52177 | Bazaar   | Found Yxajuepn's Magic Scroll Shoppe.
 52177 | Bazaar   | Found Cuddyn's Weapon Emporium.
 52187 | Bazaar   | Bought a scroll of teleportation for 24 gold pieces
 52187 | Bazaar   | Bought a scroll of fog for 16 gold pieces
 52509 | Vaults:5 | Entered Level 5 of the Vaults
 52548 | Vaults:5 | Reached skill level 22 in Fighting
 53125 | Vaults:5 | Reached skill level 23 in Fighting
 53212 | Vaults:5 | Got a silver rune of Zot
 53221 | Vaults:5 | Got a brightly glowing lead ring
 53225 | Vaults:5 | Identified the ring "Gudy" {*Corrode rElec rC- AC+2 Int+6}
                  | (You found it on level 5 of the Vaults)
 54304 | Zot:1    | Entered Level 1 of the Realm of Zot
 54496 | Zot:2    | Reached skill level 24 in Fighting
 55195 | Zot:3    | Reached skill level 25 in Fighting
 55760 | Zot:3    | Noticed an orb of fire
 55761 | Zot:3    | Gained mutation: Your body sometimes deteriorates upon
                  | taking damage. [an orb of fire]
 55778 | Zot:3    | Killed an orb of fire
 56504 | Zot:4    | Reached skill level 26 in Fighting
 57301 | Zot:5    | Entered Level 5 of the Realm of Zot
 58530 | Vaults:1 | Killed Eldin's ghost
 58530 | Vaults:1 | Reached skill level 27 in Fighting
 58535 | Vaults:1 | Learned a level 3 spell: Regeneration
 58743 | Depths:4 | Voluntarily entered the Abyss.
 58847 | Abyss:1  | Reached skill level 1 in Charms
 58847 | Abyss:1  | Reached skill level 1 in Necromancy
 59299 | Abyss:3  | Got an abyssal rune of Zot
 59343 | Depths:4 | Escaped the Abyss
 59674 | Slime:1  | Entered Level 1 of the Pits of Slime
 59677 | Slime:1  | Gained mutation: You are weak. (Str -2) [a shining eye]
 59681 | Slime:1  | Gained mutation: You are very weak. (Str -4) [a shining
                  | eye]
 59737 | Slime:3  | Gained mutation: You tend to lose your temper in combat. [a
                  | shining eye]
 59871 | Slime:5  | Entered Level 5 of the Pits of Slime
 59918 | Slime:5  | Gained mutation: Your magical capacity is low. (-10% MP) [a
                  | shining eye]
 59919 | Slime:5  | Gained mutation: You are frail. (-10% HP) [a shining eye]
 59929 | Slime:5  | Reached skill level 5 in Charms
 59935 | Slime:5  | Noticed the Royal Jelly
 59954 | Slime:4  | Reached skill level 5 in Necromancy
 60405 | Slime:5  | Found a viscous altar of Jiyva.
 60503 | Slime:5  | Paralysed by a floating eye for 4 turns
 60519 | Slime:5  | Paralysed by a floating eye for 2 turns
 60541 | Slime:5  | Killed the Royal Jelly
 60622 | Slime:5  | Identified the Grimoire of Flamy Malediction
 60633 | Slime:5  | Got a slimy rune of Zot
 60687 | Slime:5  | Identified the cursed +0 ring mail "Faoth" {+Blink Str+7
                  | Int-3 Slay+2} (You found it on level 5 of the Pits of
                  | Slime)
 61243 | Depths:4 | Lost mutation: You are resistant to hostile enchantments.
                  | (MR+) [potion of mutation]
 61243 | Depths:4 | Lost mutation: You tend to lose your temper in combat.
                  | [potion of mutation]
 61243 | Depths:4 | Lost mutation: You have sharp toenails. [potion of
                  | mutation]
 61243 | Depths:4 | Lost mutation: Your mind is acute. (Int +2) [potion of
                  | mutation]
 61243 | Depths:4 | Lost mutation: You are very weak. (Str -4) [potion of
                  | mutation]
 61245 | Zig:1    | Entered Level 1 of a ziggurat
 61259 | Zig:2    | Entered Level 2 of a ziggurat
 61259 | Zig:2    | Found the +7 Singing Sword {slice, sonic wave}
 61259 | Zig:2    | Found the +8 autumn katana {slice, Clar}
 61293 | Zig:3    | Entered Level 3 of a ziggurat
 61326 | Zig:4    | Entered Level 4 of a ziggurat
 61326 | Zig:4    | Noticed a greater mummy
 61339 | Zig:4    | Killed a greater mummy
 61356 | Zig:5    | Entered Level 5 of a ziggurat
 61388 | Zig:6    | Entered Level 6 of a ziggurat
 61427 | Zig:6    | Identified the amulet of Equivalence {Inacc rPois Str-4
                  | Dex+5} (You found it on level 6 of a ziggurat)
 61436 | Zig:7    | Entered Level 7 of a ziggurat
 61440 | Zig:7    | Found the +6 Majin-Bo {vamp, Archmagi MP+6 Int+6}
 61503 | Zig:7    | Identified the ring "Acejukih" {rC+ Dex+8 Stlth-} (You
                  | found it on level 7 of a ziggurat)
 61521 | Zig:8    | Entered Level 8 of a ziggurat
 61550 | Zig:8    | Identified the +1 plate armour "Riruiv" {rElec rN+ Int+3}
                  | (You found it on level 8 of a ziggurat)
 61974 | Elf:2    | Bought a wand of digging (3) for 196 gold pieces
 61974 | Elf:2    | Bought a phantom mirror for 420 gold pieces
 61974 | Elf:2    | Bought a phantom mirror for 420 gold pieces
 61974 | Elf:2    | Bought a wand of clouds (5) for 378 gold pieces
 61974 | Elf:2    | Bought a wand of acid (4) for 224 gold pieces
 62038 | Elf:3    | Bought a wand of acid (4) for 304 gold pieces
 62038 | Elf:3    | Bought a wand of acid (5) for 342 gold pieces
 62038 | Elf:3    | Bought a phantom mirror for 570 gold pieces
 62042 | Elf:3    | Bought a wand of acid (7) for 440 gold pieces
 62042 | Elf:3    | Bought a wand of scattershot (6) for 600 gold pieces
 62812 | Zot:5    | Noticed an orb of fire
 62820 | Zot:5    | Gained mutation: Your spells are a little easier to cast,
                  | but a little less powerful. [an orb of fire]
 62826 | Zot:5    | Killed an orb of fire
 62830 | Zot:5    | Noticed an orb of fire
 62840 | Zot:5    | Killed an orb of fire
 62840 | Zot:5    | Reached skill level 10 in Charms
 62840 | Zot:5    | Reached skill level 10 in Necromancy
 62959 | Zot:5    | Noticed an ancient lich
 62970 | Zot:5    | Killed an ancient lich
 62978 | Zot:5    | Learned a level 1 spell: Confusing Touch
 62988 | Zot:5    | Reached skill level 1 in Hexes
 63124 | Zot:5    | Noticed an ancient lich
 63138 | Zot:5    | Killed an ancient lich
 63253 | Zot:5    | Reached skill level 5 in Hexes
 63716 | Zot:5    | Got the Orb of Zot
 63773 | Zot:5    | Noticed an ancient lich
 63898 | Depths:4 | Lost mutation: You are frail. (-10% HP) [potion of
                  | mutation]
 63898 | Depths:4 | Lost mutation: You are weak. (Str -2) [potion of mutation]
 63898 | Depths:4 | Gained mutation: Your movements are slightly less
                  | encumbered by armour. (ER -2) [potion of mutation]
 63943 | Depths:2 | Noticed Viugex the pandemonium lord
 63952 | Depths:2 | Killed Viugex the pandemonium lord
 64137 | D:11     | Gained mutation: Scrolls take you a little longer to read.
                  | [a cacodemon]
 64332 | D:1      | Noticed Biniocefics the pandemonium lord
 64350 | D:1      | Cast into level 4 of the Abyss (Biniocefics)
 64360 | Abyss:5  | Entered Level 5 of the Abyss
 64360 | Abyss:5  | Found a corrupted altar of Lugonu.
 64361 | Abyss:5  | Found a corrupted altar of Lugonu.
 64401 | D:1      | Escaped the Abyss
 64405 | D:1      | Killed Biniocefics the pandemonium lord
 64437 | D:$      | Escaped with the Orb!

Levels and vault maps discovered:
D:1:      psy_arrival_basics, layout_loops_ring
D:2:      layout_basic, makhleb_blood_cavern_becter, uniq_natasha, uniq_terence
D:3:      layout_rooms, nicolae_overflow_crystal_walls, marbit_many_paths,
          zin_academy, uniq_sigmund, uniq_robin
D:4:      cheibrodos_helix_gallery, layout_loops_cross,
          eat_drink_and_be_merry_uskayaw, first_ration,
          hangedman_abyss_or_decor_stagger
D:5:      layout_cave_pods, nicolae_ossuary_entry_false_entrances, serial_shops,
          shop, fedhas_altar_3, uniq_pikel, uniq_prince_ribbit1
D:6:      kennysheep_orc_sif_temple, layout_loops_ring,
          yredelemnul_forgotten_temple_becter, nicolae_overflow_hidden_temple,
          temple_statues, bloody_trog
D:7:      wander_guarded_unrand_ratskin, layout_loops_ring,
          nicolae_ru_awakened_eye, hellmonk_ghost_happy_afterlife
D:8:      layout_cave_pods, lemuel_round_altar, led_sif_pool
D:9:      layout_loops_ring, minitemple, david_orc_4, uniq_joseph
D:10:     layout_basic, minmay_lair_entry_grove, grunt_livestock
D:11:     layout_gridville
D:12:     layout_loops_ring, gammafunk_ghost_nasty_kobolds,
          roderic_serpentine_path, amethyst_killhole
D:13:     layout_irregular_city, david_vaults_3, st_stairs_14,
          eino_tiny_chamber, lemuel_hellish_altar, uniq_azrael, uniq_erolcha,
          uniq_sonja, uniq_frances
D:14:     layout_grid_maze, special_room [special_room_orc],
          grunt_ministairs_12, minivault_13
D:15:     grunt_enter_depths_snipers, layout_irregular_city, uniq_josephine
Lair:1:   minmay_lair_oklob_tunnel, layout_cave_pods
Lair:2:   layout_concentric_octagons, shoals_dummy_entry
Lair:3:   layout_misc_corridors, eino_house_with_fridge,
          minmay_lair_oklob_chamber
Lair:4:   layout_regular_city, minmay_snake_entry_six_corridors
Lair:5:   layout_small_grid, slime_altar_1
Lair:6:   grunt_lair_end_beastmaster, layout_loops_ring, uniq_urug
Shoals:1: layout_shoals, ebering_ghost_gozag
Shoals:2: layout_shoals, uniq_ilsuiw
Shoals:3: layout_shoals, serial_shops, shop_coins
Shoals:4: shoals_end_grunt_ice, layout_shoals, shoals_ilsuiw_ice
Snake:1:  layout_misc_corridors, special_room, uniq_asterion
Snake:2:  nicolae_cobra_stairs, layout_onion, statue_in_the_mist_lemuel,
          minmay_shop_grid_forest, serial_bayou_shore_b
Snake:3:  layout_basic, lemuel_fruit_tree
Snake:4:  grunt_snake_rune_pools, layout_grid_maze, grunt_ministairs_6,
          drop_trap, serial_bayou_shore_a, uniq_roxanne, uniq_aizul
Slime:1:  layout_caves
Slime:2:  layout_caves, basic_altar
Slime:3:  layout_caves
Slime:4:  layout_caves, cheibrodos_slime_lost_civilization_5
Slime:5
Orc:1:    nicolae_orc_accident_3, layout_caves, basic_altar
Orc:2:    grunt_orc_community_town_hall, layout_caves,
          grunt_orc_community_big_house_2, grunt_orc_community_big_house_1,
          grunt_orc_community_house_1, grunt_orc_community_house_1,
          grunt_orc_community_house_1, grunt_orc_community_house_3, basic_altar,
          roderic_batcave
Elf:1:    eino_elf_arrival_altar, layout_geoelf_diagonals, basic_altar,
          minmay_elf_sorcery, uniq_agnes
Elf:2:    layout_rooms, serial_shops, shop
Elf:3:    minmay_elf_hall_curves, layout_loops_corners, serial_shops, shop,
          nicolae_wwwww, drop_trap, due_unseen_surprise, minmay_shop_grove
Vaults:1: ebering_vaults_ghost_reflecting_pool, vaults_room_corners,
          ontoclasm_vaults_tryst, hangedman_vaults_stitches,
          vaults_room_grunt_arrival_ludios, v_rooms_4,
          grunt_vaults_funneled_arena, nicolae_vaults_three_branches,
          v_pattern_5, grunt_vaults_diagonal, v_misc_23, layout_vaults_omnibox,
          serial_shops, nicolae_shop_waterfront
Vaults:2: hangedman_vaults_cutoff, nicolae_vaults_shelves_hall, v_misc_17,
          vaults_room_corners, v_alt_pattern_2, vaults_standard_mumra_lines,
          nicolae_vaults_specimen_jars, minmay_crypt_entry_necro_gods,
          nicolae_vaults_display_case, layout_vaults_quadrants, serial_shops,
          shop, shop, shop, shop
Vaults:3: v_pattern_4, v_rooms_4, hangedman_vaults_slice,
          hangedman_vaults_variations, hangedman_vaults_nails, st_eye,
          ontoclasm_vaults_hangar, v_misc_24, v_misc_16, ontoclasm_vaults_fault,
          vaults_mumra_chevron_long, hangedman_vaults_slice,
          nicolae_vaults_theta, nicolae_vaults_asterisk,
          layout_vaults_omnicross, nicolae_trove_entry_crystal, serial_shops,
          nicolae_shop_statue_plus
Vaults:4: st_smaller_cells, nicolae_vaults_inception_statues,
          grunt_vaults_hallway_long, grunt_vaults_swirl,
          nicolae_vaults_triangles, nicolae_vaults_sealed_display,
          nicolae_vaults_yaktaur_gun_rack, ontoclasm_vaults_shuriken,
          grunt_vaults_bifocal, serial_ice_g, layout_vaults_big_room,
          serial_shops, bzr_entry_gold
Vaults:5
Crypt:1:  layout_gridlike
Crypt:2:  layout_gridlike, uniq_mennas
Crypt:3:  lightli_unholy_cathedral, layout_chaotic_city
Depths:1: layout_forbidden_donut, nicolae_ashenzari_panopticon, hell_entry,
          mu_enter_wizlab_5, nicolae_blasting_shop, st_stairs_5,
          serial_bayou_lagoon_a, minmay_st_funbox, guppyfry_shop_earth,
          uniq_mara
Depths:2: evilmike_diamond_1, layout_basic, gammafunk_ghost_berserking_beasts,
          lightli_too_deep, lemuel_statue_altar, minmay_strange_pillars
Depths:3: hangedman_cross_cluster, layout_cave_pools, minmay_hedge_maze,
          hell_entry, rand_demon_pan_entry_8, serial_bayou_shore_b,
          uniq_frederick
Depths:4: kennysheep_room_grid, layout_honeycomb, enter_ziggurat_d,
          marbit_kobold_abyss_entry, rand_demon_pan_entry_1,
          minmay_misc_feat_pillars, hellmouth_1
Depths:5: evilmike_zot_entry_round, layout_cave_pools,
          hangedman_decor_slide_cut, hell_entry,
          minmay_fractal_squares_diagonal_5, uniq_sojobo
Zot:1:    layout_basic, st_stairs_2, grunt_megastairs_5
Zot:2:    minmay_elemental_castle, layout_misc_corridors
Zot:3:    layout_onion_interference, grunt_megastairs_4
Zot:4:    layout_cathedral_of_symmetry, st_stairs_7
Zot:5:    layout_twisted_circle, st_stairs_3, hangedman_zot_decor_scrapings

Skill      XL: |  1  2  3  4  5  6  7  8  9 10 11 12 13 14 15 16 17 18 19 20 21 22 23 24 25 26 27 |
---------------+----------------------------------------------------------------------------------+-----
Fighting       | 1 2 3 4 5 7 8 10 11 12 13 14 15 16 17 18 19 20 21 27 | 27.0
Short Blades   | 1 2 3 4 5 7 8 10 | 10.1
Evocations     | 3 4 5 6 8 |  8.5
Stealth        | 2 3 4 5 7 8 10 11 12 | 12.8
Invocations    | 2 4 6 7 8 |  8.2
Dodging        | 5 7 8 11 13 14 15 16 17 | 17.6
Long Blades    | 6 8 10 11 12 | 12.7
Spellcasting   | 4 7 10 12 13 14 20 | 20.7
Shields        | 1 6 8 10 11 12 13 15 | 15.1
Armour         | 6 7 9 11 13 14 | 14.1
Charms         | 10 | 10.9
Necromancy     | 11 | 11.0
Hexes          | 7 |  7.2

Action                   |  1- 3 |  4- 6 |  7- 9 | 10-12 | 13-15 | 16-18 | 19-21 | 22-24 | 25-27 || total
-------------------------+-------+-------+-------+-------+-------+-------+-------+-------+-------++-------
Melee: Short sword       |    69 |    77 |       |       |       |       |       |       |       ||   146
       Bite              |    18 |    53 |   134 |   491 |   587 |   611 |   499 |   781 |  2045 ||  5219
       Dagger            |       |   111 |   385 |  1067 |   560 |       |       |       |       ||  2123
       Demon blade       |       |       |       |       |   715 |  1355 |  1020 |  1333 |  3066 ||  7489
       Unarmed           |       |       |       |       |       |       |       |       |     2 ||     2
Throw: Throwing net      |     1 |       |       |       |       |     4 |     2 |     1 |     3 ||    11
 Cast: Blink             |       |       |       |       |       |       |     2 |       |       ||     2
       Passwall          |       |       |       |       |       |       |       |       |     1 ||     1
Invok: Minor Destruction |       |       |     1 |       |       |       |       |       |       ||     1
       Greater Servant o |       |       |       |       |     1 |     1 |       |       |     1 ||     3
       Lesser Servant of |       |       |       |       |       |     3 |     2 |       |     6 ||    11
 Abil: Evoke Berserk Rag |       |       |       |       |     4 |    20 |     2 |     1 |    13 ||    40
Evoke: Wand              |     4 |    10 |    25 |     8 |    17 |     7 |     8 |     9 |     7 ||    95
       Lamp of fire      |       |       |       |       |     4 |     3 |     2 |     3 |     3 ||    15
       Lightning rod     |       |       |       |       |     6 |       |       |       |       ||     6
       Phantom mirror    |       |       |       |       |       |       |     1 |       |       ||     1
  Use: Scroll            |     4 |     9 |    10 |    13 |    10 |    15 |    19 |    11 |    51 ||   142
       Potion            |     1 |       |     5 |     5 |     5 |     6 |    13 |     9 |    13 ||    57
 Stab: Sleeping          |     3 |     8 |    25 |    25 |    39 |    28 |    11 |       |       ||   139
       Paralysed         |     2 |       |       |       |     8 |       |     3 |     1 |     1 ||    15
       Held in net/web   |     1 |       |       |       |       |     2 |     2 |       |       ||     5
       Distracted        |       |     1 |     1 |     1 |     2 |     7 |     2 |       |     5 ||    19
       Invisible         |       |       |       |     4 |       |       |       |       |       ||     4
       Petrified         |       |       |       |       |     3 |       |       |       |       ||     3
       Petrifying        |       |       |       |       |     1 |       |       |       |       ||     1
  Eat: Chunk             |       |     5 |     5 |    15 |    23 |    18 |     2 |    11 |     8 ||    87
       Ration            |       |       |     2 |     4 |     2 |     9 |     8 |     3 |    20 ||    48
Armor: Leather armour    |     5 |    41 |       |       |       |       |       |       |       ||    46
       Robe              |       |       |    77 |    42 |       |       |       |       |       ||   119
       Ring mail         |       |       |       |   247 |   282 |   241 |    78 |       |       ||   848
       Plate armour      |       |       |       |       |       |    11 |       |       |       ||    11
       Gold dragon scale |       |       |       |       |       |       |   168 |   592 |  1245 ||  2005
Dodge: Dodged            |    34 |   115 |   198 |   410 |   687 |   405 |   236 |   368 |  1340 ||  3793
Block: Shield            |       |       |       |       |   250 |   650 |   489 |   894 |   909 ||  3192
       Buckler           |       |       |       |       |       |       |       |       |   554 ||   554
       Rpst.: Demon blade |       |       |       |       |   103 |    81 |    35 |    70 |   267 ||   556
